 Dungeon Crawl Stone Soup version 0.32-a0-799-g95e1662365 (webtiles) character file.

Game seed: 18020754029002795641

286418 backslashecho the Slayer (level 19, -1/196 HPs)
             Began as a Minotaur Berserker on Mar 22, 2024.
             Was the Champion of Trog.
             Killed from afar by an ironbound thunderhulk (52 damage)
             ... with a bolt of lightning
             ... on level 2 of the Vaults.
             The game lasted 01:40:37 (45001 turns).

backslashecho the Slayer (Minotaur Berserker)      Turns: 45001, Time: 01:40:37

Health: -1/196     AC: 29    Str: 27    XL:     19   Next: 83%
Magic:  0/18       EV:  9    Int:  4    God:    Trog [******]
Gold:   2911       SH: 15    Dex: 15    Spells: 18/18 levels left

rFire   + . .        a - +9 broad axe (heavy)
rCold   + . .        L - +0 kite shield
rNeg    + + .        Q - +2 plate armour {rC+}
rPois   +            V - +1 hat of the Unseen Realm {rPois rCorr Stlth+}
rElec   .            K - +0 cloak of Jigaxieq {rF+ Str+2}
rCorr   +            W - +2 pair of gloves {hurl}
SInv    .            A - +0 pair of boots "Zetyapou" {+Blink}
Will    +++..        X - amulet "Roqunip" {Spirit Harm rN++ Regen+ Stlth+} Stlth
                     g - ring of willpower
HPRegen 1.32/turn    F - ring of willpower
MPRegen 0.16/turn

%: harm (+30% outgoing, +20% incoming), guardian spirit
@: no status effects
A: horns 2, retaliatory headbutt
}: 2/15 runes: decaying, gossamer
a: Renounce Religion, Evoke Blink, Berserk, Trog's Hand, Brothers in Arms


You were on level 2 of the Vaults.
You worshipped Trog.
Trog was exalted by your worship.
You visited 6 branches of the dungeon, and saw 32 of its levels.
You also visited: Bailey, Gauntlet and Ice Cave.

You collected 3766 gold pieces.
You spent 855 gold pieces at shops.

Inventory:

Hand Weapons
 a - a +9 heavy broad axe (weapon)
 b - a +4 broad axe of flaming
Missiles
 E - 4 curare-tipped darts (quivered)
 O - 3 throwing nets
Armour
 r - a +1 plate armour of willpower
 A - the +0 pair of boots "Zetyapou" (worn) {+Blink}
   (You found it on level 14 of the Dungeon)

   +Blink:    It lets you blink.
 K - the +0 cloak of Jigaxieq (worn) {rF+ Str+2}
   (You found it on level 8 of the Dungeon)

   Str+2:     It affects your strength (+2).
   rF+:       It protects you from fire.
 L - a +0 kite shield (worn)
 Q - a +2 plate armour of cold resistance (worn)
 V - the +1 hat of the Unseen Realm (worn) {rPois rCorr Stlth+}
   (You found it in a Gauntlet)

   rPois:     It protects you from poison.
   rCorr:     It protects you from acid and corrosion.
   Stlth+:    It makes you more stealthy.
 W - a +2 pair of gloves of hurling (worn)
Jewellery
 e - a ring of protection from cold
 g - a ring of willpower (left hand)
 F - a ring of willpower (right hand)
 J - the amulet "Xoakex Caz" {Spirit Rampage rC+ SInv}
   (You found it on level 14 of the Dungeon)

   [amulet of guardian spirit]

   Spirit:    It causes incoming damage to be divided between your reserves of
   health and magic.
   rC+:       It protects you from cold.
   SInv:      It lets you see invisible.
   Rampage:   It bestows one free step when moving towards enemies.
 P - a ring of see invisible
 T - a ring of flight
 U - a +5 ring of evasion
 X - the amulet "Roqunip" (around neck) {Spirit Harm rN++ Regen+ Stlth+}
   (You bought it in a shop on level 2 of the Orcish Mines)

   [amulet of guardian spirit]

   Spirit:    It causes incoming damage to be divided between your reserves of
   health and magic.
   rN++:      It greatly protects you from negative energy.
   Regen+:    It increases your rate of health regeneration.
   Harm:      It increases damage dealt and taken.
   Stlth+:    It makes you more stealthy.
Wands
 t - a wand of digging (2)
 u - a wand of roots (36)
 w - a wand of flame (103)
 C - a wand of mindburst (10)
 G - a wand of acid (42)
Scrolls
 c - a scroll of silence
 d - 11 scrolls of teleportation
 h - a scroll of fog
 i - a scroll of poison
 l - 2 scrolls of fear
 q - 4 scrolls of revelation
 s - 2 scrolls of blinking
 D - 3 scrolls of immolation
 M - 4 scrolls of enchant armour
Potions
 f - a potion of heal wounds
 k - 13 potions of curing
 m - 2 potions of resistance
 o - 2 potions of berserk rage
 v - 2 potions of magic
 x - 8 potions of haste
 z - 11 potions of ambrosia
 B - 7 potions of cancellation
 H - 4 potions of mutation
 I - 4 potions of might
 R - 5 potions of enlightenment
 Z - a potion of invisibility
Miscellaneous
 y - a phantom mirror
 N - a phial of floods
 S - a tin of tremorstones (2/2)
 Y - a lightning rod (4/4)


   Skills:
 + Level 23.6 Fighting
 - Level 18.1 Axes
 - Level 6.0 Throwing
 + Level 19.0 Armour
 - Level 5.0 Dodging
 + Level 19.1 Shields
 - Level 15.0 Evocations


You had 18 spell levels left.
You didn't know any spells.
Your spell library was empty.

Dungeon Overview and Level Annotations

Branches:
Dungeon (15/15)            Temple (0/1) D:7            Lair (5/5) D:10
  Swamp (4/4) Lair:3       Spider (4/4) Lair:3        Slime (0/5) Lair:4
    Orc (2/2) D:12            Elf (0/3) Orc:2        Vaults (2/5) D:14
 Depths (0/4) D:15         Bailey (visited)           IceCv (visited)
Gauntlet (visited)
  Crypt: Vaults:2-3

Altars:
Ashenzari
Cheibriados
Dithmenos
Fedhas
Gozag
Kikubaaqudgha
Nemelex Xobeh
Okawaru
Qazlal
Ru
Trog
Wu Jian
Yredelemnul
Zin
The Shining One
Beogh
Jiyva
Lugonu

Shops:
D:7 :   D:11 [   D:12 [(:   D:15 (   Orc:2 =(:

Annotations:
D:7 2 transporters, cforsyth's ghost, novice MDCA
Lair:5 exclusions: dire elephant and 2 doors
Swamp:4 2 transporters, ggggg's ghost, adept MiFi
Spider:3 2 transporters, RockinRobin's ghost, adept FoFi
Spider:4 exclusion: door, Roxanne


Innate Abilities, Weirdness & Mutations

You have a pair of horns on your head.
You reflexively headbutt those who attack you in melee.


Message History

a +0 dire flail; a +0 animal skin You open the door.
There is an open door, spattered with blood here.
As you open the large door, it creaks loudly!
You hear a shout!
An ironbound frostheart comes into view.
Found a stone staircase leading down.
Health restored: 195; MP restored: 18
There is a large open door here.
You chop the ironbound frostheart into pieces!!!
You kill the ironbound frostheart!
Trog accepts your kill. Trog grants you a weapon!
Something appears at your feet!
You see here a +4 broad axe.
Trog appreciates your killing of a magic user.
Health restored: 196
There is a large open door here.
An ironbound frostheart comes into view.
An ironbound frostheart is nearby!
The ironbound frostheart shouts!
You chop the ironbound frostheart into pieces!!!
You kill the ironbound frostheart!
Trog accepts your kill.
Trog appreciates your killing of a magic user.
Things that are here:
a +0 scale mail; a human corpse No target in view!
You open the door.
There is an open door here.
You open the door.
There is an open door here.
You open the door.
There is an open door here.
There is an open door here.
There is an open door here.
You open the door.
There is an open door here.
You open the door.
There is an open door here.
Found 8 stones.
There is an open door here.
Found an escape hatch in the ceiling.
There is an open door here.
You see here 8 stones.
A vault warden comes into view. It is wielding a +2 great mace.
The vault warden shouts!
You hear a shout!
The vault warden activates a sealing rune.
You barely miss the vault warden. You headbutt the vault warden.
The vault warden is lightly wounded.
An ironbound thunderhulk comes into view.
It is wielding a +0 dire flail.
The vault warden hits you with a +2 great mace!
You take 19 damage, and have 177/196 hp.
You now have 17/18 mp.
You slice the vault warden!! Your headbutt misses the vault warden.
The vault warden is heavily wounded.
You hear a trumpeting!
Strange energies crackle from the ironbound thunderhulk's apparatus.
The ironbound thunderhulk blinks!
The vault warden closely misses you.
You closely miss the vault warden.
You headbutt the vault warden, but do no damage.
The vault warden is heavily wounded.
Electricity crackles from the ironbound thunderhulk's apparatus.
The bolt of lightning hits you!!!
The vault warden hits you but does no damage.
You take 38 damage, and have 140/196 hp.
You now have 13/18 mp.
You chop the vault warden into pieces!!!
You kill the vault warden!
Trog accepts your kill.
Trog appreciates your killing of a magic user.
The runic seals fade away.
Your Armour skill increases to level 19!
Strange energies crackle from the ironbound thunderhulk's apparatus.
The ironbound thunderhulk blinks!
A dire elephant comes into view.
You regained 2 hp, and now have 144/196 hp.
You block the ironbound thunderhulk's attack.
You closely miss the ironbound thunderhulk.
You headbutt the ironbound thunderhulk.
The ironbound thunderhulk is lightly wounded.
You hit the ironbound thunderhulk.
The ironbound thunderhulk is lightly wounded.
Strange energies crackle from the ironbound thunderhulk's apparatus.
The ironbound thunderhulk blinks!
Electricity crackles from the ironbound thunderhulk's apparatus.
The bolt of lightning hits you!!!
You take 44 damage, and have 102/196 hp.
MASSIVE DAMAGE!!
You now have 10/18 mp.
Electricity crackles from the ironbound thunderhulk's apparatus.
The bolt of lightning misses you.
Strange energies crackle from the ironbound thunderhulk's apparatus.
The ironbound thunderhulk blinks!
Electricity crackles from the ironbound thunderhulk's apparatus.
The bolt of lightning hits you!!!
* * * LOW HITPOINT WARNING * * *
There is an escape hatch in the ceiling here.
You take 54 damage, and have 50/196 hp.
MASSIVE DAMAGE!!
You now have 5/18 mp.
Electricity crackles from the ironbound thunderhulk's apparatus.
The bolt of lightning hits you!!!
You die...

## #..... ###+ ##...# ..Y #####
.. #. ## #'###### ##. #.O....#
##.. #......# #... #....Y@#
#... #......# #... #......#
#... #......# #... #......#
#... #....(.# #...
############'##################
...............................
...............................


You could see a dire elephant and an ironbound thunderhulk.

Vanquished Creatures
  A dread lich (Vaults:2)
  Mara (Spider:4)
  Nikola (Spider:1)
  Arachne (Spider:1)
  Jorgrun (Spider:2)
  2 tentacled monstrosities
  Asterion (Spider:1)
  The ghost of retardedninja the Warrior, an adept CoFi of Hepliaklqana (Spider:4)
  A sphinx (Vaults:2)
  Kirke (Spider:1)
  A storm dragon (D:14)
  Frances (Spider:2)
  2 thorn hunters (Swamp:4)
  The ghost of Dunag the Warrior, a journeyman MiFi of Ru (D:14)
  5 fenstrider witches
  5 ghost moths
  2 emperor scorpions
  6 vault wardens
  An orc warlord (Orc:2)
  5 ironbound preservers
  2 ghouls (Swamp:4)
  A very ugly thing (Vaults:2)
  7 broodmothers
  2 formless jellyfish (Vaults:1)
  4 ironbound thunderhulks
  8 eleionomae
  13 dire elephants
  Azrael (D:15)
  5 bunyips
  4 spark wasps (Spider:4)
  A minotaur (Gauntlet)
  3 fire dragons
  2 blizzard demons (Swamp:4)
  2 yaktaur captains
  An entropy weaver (Spider:4)
  A great orb of eyes (Vaults:1)
  2 shambling mangroves (Swamp:4)
  8 hydras
  Harold (D:10)
  2 ice dragons
  2 jorogumos
  8 vault guards (D:14)
  3 ironbound frosthearts
  An anaconda (Lair:5)
  6 ghost crabs
  2 radroaches
  5 centaur warriors
  13 alligators
  7 boulder beetles
  A death knight (D:14)
  2 catoblepae (D:14)
  7 ogre magi
  11 two-headed ogres
  A vampire mage (D:15)
  9 death yaks (Lair:5)
  A tengu warrior (D:13)
  A spriggan berserker (Swamp:3)
  10 demonic crawlers
  A hell hog (Gauntlet)
  2 occultists (Swamp:4)
  A soul eater (Swamp:4)
  2 orc high priests
  A storm dragon zombie (D:15)
  3 pharaoh ants
  A sixfirhy (Swamp:4)
  A skyshark (Lair:5)
  3 death drakes
  9 skeletal warriors
  8 goliath frogs
  11 orb spiders
  16 deep trolls
  10 swamp dragons
  2 sun moths (Spider:1)
  An arcanist (Vaults:2)
  7 bog bodies
  5 spriggan druids
  5 steelbarb worms
  A deep elf zephyrmancer (Swamp:4)
  4 ironbound convokers (Vaults:1)
  2 obsidian bats (Orc:1)
  4 harpies (Vaults:1)
  2 phantasmal warriors (Vaults:2)
  A lindwurm (Lair:5)
  2 necromancers
  5 orc knights
  6 will-o-the-wisps
  4 cyclopes
  A shining eye (shapeshifter) (Vaults:2)
  A deep elf pyromancer (D:15)
  4 moths of wrath
  21 wolf spiders
  4 orc sorcerers
  5 manticores
  16 ugly things
  A spectral centaur (Gauntlet)
  2 kobold blastminers (Orc:1)
  5 elephants (Lair:4)
  2 centaur zombies (Gauntlet)
  10 meliai
  4 black mambas
  2 ice statues (IceCv)
  4 vault sentinels
  4 orange demons (Swamp:4)
  3 gargoyles
  2 torpor snails
  2 smoke demons (Swamp:4)
  An unseen horror (D:10)
  10 cane toads
  An elf zombie (Vaults:1)
  3 minotaur zombies (Gauntlet)
  14 rime drakes
  12 yaktaurs (Vaults:1)
  12 komodo dragons
  A freezing wraith (D:14)
  2 tengu conjurers
  4 kobold demonologists
  An efreet (D:15)
  2 bloated husks (Swamp:3)
  A harpy zombie (Gauntlet)
  6 trolls
  2 hellwings (Swamp:4)
  4 polar bears
  12 hornets
  A spectral elephant (Lair:5)
  A spriggan zombie (D:15)
  9 tyrant leeches
  A hornet (shapeshifter) (D:13)
  20 tarantellas
  23 blink frogs
  5 shadows
  6 spriggans
  27 jumping spiders
  17 slime creatures
  15 culicivoras
  5 wyverns
  4 wraiths
  44 yaks
  2 basilisks
  3 fire elementals (D:15)
  4 hogs (Spider:1)
  2 fire bats (Gauntlet)
  3 chaos spawn (Swamp:4)
  A human simulacrum (Vaults:1)
  36 redbacks
  3 steam dragons
  A harpy simulacrum (Vaults:1)
  18 vampire mosquitoes
  7 wargs (Orc:2)
  14 swamp worms
  3 small abominations (D:8)
  6 acid dragons
  10 water moccasins
  A glowing shapeshifter zombie (Vaults:1)
  6 hell hounds
  A meliai simulacrum (D:14)
  7 swamp drakes
  46 orc warriors
  3 sky beasts
  2 laughing skulls (D:13)
  2 black bears
  6 ice beasts
  11 ogres
  16 wolves
  14 centaurs
  5 kobold brigands
  Blork the orc (D:4)
  14 bullfrogs
  A gnoll sergeant (D:9)
  6 scorpions
  5 wights
  4 lindwurm simulacra (IceCv)
  11 killer bees
  11 howler monkeys
  An electric eel (Bailey)
  3 komodo dragon simulacra (IceCv)
  4 jellies
  A bombardier beetle (D:3)
  2 hounds
  23 orc priests
  3 gnoll boudas
  4 iguanas
  23 orc wizards
  7 hell rats (Lair:5)
  16 gnolls
  9 acid dragon simulacra (IceCv)
  8 adders
  A shadow imp (D:7)
  A white imp (D:6)
  5 steam dragon simulacra (IceCv)
  3 dart slugs
  4 ribbon worms
  110 orcs
  9 ball pythons
  5 endoplasms
  7 giant cockroaches
  22 goblins
  16 hobgoblins
  5 jackals
  5 quokkas
  7 bats
  3 frilled lizards
  22 kobolds
  4 rats
1298 creatures vanquished.

Vanquished Creatures (collateral kills)
  2 death yaks (Lair:5)
  A skyshark (Lair:5)
  A manticore (D:14)
  A moth of wrath (D:14)
  A rime drake (Lair:5)
6 creatures vanquished.

Vanquished Creatures (others)
  An eleionoma (Swamp:4)
  2 bunyips (Swamp:4)
  A spriggan druid (Swamp:4)
  A will-o-the-wisp (Swamp:3)
  A bloated husk (Swamp:4)
  A swamp worm (Swamp:4)
  A water moccasin (Lair:5)
  20 foxfires
28 creatures vanquished.

Grand Total: 1332 creatures vanquished

Notes
Turn   | Place    | Note
-------+----------+-------------------------------------------
     0 | D:1      | backslashecho the Minotaur Berserker began the quest for
                  | the Orb.
     0 | D:1      | Reached XP level 1. HP: 19/19 MP: 0/0
   195 | D:1      | Reached XP level 2. HP: 22/27 MP: 1/1
   244 | D:1      | Found a faded altar of an unknown god.
   360 | D:1      | Reached skill level 4 in Fighting
   412 | D:1      | Reached XP level 3. HP: 30/33 MP: 2/2
  1144 | D:2      | Reached ** piety under Trog
  1292 | D:2      | Reached XP level 4. HP: 39/41 MP: 3/3
  1298 | D:2      | Reached skill level 5 in Axes
  1624 | D:3      | Reached XP level 5. HP: 47/47 MP: 4/4
  2054 | D:3      | Reached skill level 5 in Fighting
  2110 | D:3      | Reached *** piety under Trog
  2166 | D:3      | Found a glowing silver altar of Zin.
  2569 | D:4      | Reached XP level 6. HP: 53/56 MP: 5/5
  2763 | D:4      | Found a glowing golden altar of the Shining One.
  2763 | D:4      | Noticed Blork the orc
  2778 | D:4      | Killed Blork the orc
  3204 | D:4      | Found a stormy altar of Qazlal.
  3206 | D:4      | Noticed a water elemental
  3207 | D:4      | Noticed a fire elemental
  3207 | D:4      | Noticed an air elemental
  3393 | D:5      | Entered Level 5 of the Dungeon
  3559 | D:5      | Noticed an ice beast
  3570 | D:5      | Killed an ice beast
  3571 | D:5      | Reached skill level 5 in Armour
  3571 | D:5      | Reached XP level 7. HP: 30/62 MP: 6/6
  3682 | D:5      | Identified the +1 robe of Bitterness {Harm ^Drain rCorr
                  | Int+3}
  3868 | D:5      | Reached skill level 6 in Fighting
  4324 | D:5      | Reached XP level 8. HP: 51/71 MP: 7/7
  4402 | D:5      | Found a basalt altar of Yredelemnul.
  4402 | D:5      | Found an iron altar of Okawaru.
  4498 | D:5      | Found an ancient bone altar of Kikubaaqudgha.
  4499 | D:5      | Found a sacrificial altar of Ru.
  4732 | D:6      | Reached skill level 9 in Axes
  4841 | D:6      | Reached skill level 7 in Fighting
  4844 | D:6      | Reached **** piety under Trog
  5391 | D:6      | Reached XP level 9. HP: 81/81 MP: 8/8
  5393 | D:6      | Reached skill level 8 in Fighting
  5926 | D:6      | Found a broken altar of Ashenzari.
  6139 | D:7      | Found a bloodstained altar of Trog.
  6139 | D:7      | Noticed cforsyth's ghost (novice MDCA)
  6141 | D:7      | Found a transporter.
  6159 | D:7      | Found a transporter.
  6182 | D:7      | Noticed a moth of wrath
  6324 | D:7      | Reached skill level 12 in Axes
  6324 | D:7      | Found Diluciq's Book Emporium.
  6361 | D:7      | Found a snail-covered altar of Cheibriados.
  6397 | D:7      | Reached skill level 9 in Fighting
  6510 | D:7      | Noticed a two-headed ogre
  6523 | D:7      | Killed a two-headed ogre
  6524 | D:7      | Reached skill level 9 in Armour
  6745 | D:7      | Reached XP level 10. HP: 86/91 MP: 9/9
  6907 | D:7      | Noticed a centaur warrior
  6916 | D:7      | Killed a centaur warrior
  7082 | D:7      | Found a staircase to the Ecumenical Temple.
  7556 | D:8      | Found an ornate altar of the Wu Jian Council.
  7561 | D:8      | Found a flagged portal.
  7584 | Bailey   | Entered a bailey
  7797 | Bailey   | Reached skill level 10 in Fighting
  7904 | Bailey   | Reached ***** piety under Trog
  8135 | Bailey   | Acquired the amulet of a Hundred Souls {Acrobat rPois rC+
                  | SInv}
  8142 | Bailey   | Acquired a manual of Fighting
  8566 | Bailey   | Found an iron altar of Okawaru.
  8566 | Bailey   | Noticed an orc high priest
  8575 | Bailey   | Killed an orc high priest
  8576 | Bailey   | Reached skill level 11 in Fighting
  8719 | Bailey   | Identified the +0 orcbow of Xom's Hope {freeze, Fly rF+ rN+
                  | Int+2}
  8744 | Bailey   | Identified the +2 fire dragon scales of Zauwn {Harm rF++
                  | rC-}
  8765 | Bailey   | Identified the +1 robe of Youthful Indiscretion {Harm rElec
                  | rPois Dex+3}
  8902 | D:8      | Noticed a brown ugly thing
  8903 | D:8      | Found a corrupted altar of Lugonu.
  8903 | D:8      | Noticed a brown ugly thing
  8905 | D:8      | Noticed a white ugly thing
  8949 | D:8      | Found a transporter.
  8952 | D:8      | Found a transporter.
  8973 | D:8      | Noticed a green ugly thing
  9072 | D:8      | Reached XP level 11. HP: 59/102 MP: 10/10
  9283 | D:8      | Identified the +0 cloak of Jigaxieq {rF+ Str+2}
  9871 | D:9      | Found a blossoming altar of Fedhas.
  9984 | D:9      | Reached skill level 12 in Fighting
  9990 | D:9      | Reached skill level 15 in Axes
 10209 | D:9      | Found an opulent altar of Gozag.
 10724 | D:9      | Noticed a two-headed ogre
 10740 | D:9      | Killed a two-headed ogre
 10989 | D:9      | Noticed an orc knight
 10998 | D:9      | Received a gift from Trog
 11068 | D:9      | Killed an orc knight
 11069 | D:9      | Reached skill level 13 in Fighting
 11493 | D:10     | Entered Level 10 of the Dungeon
 11683 | D:10     | Found a sparkling altar of Nemelex Xobeh.
 11684 | D:10     | Noticed Harold
 11702 | D:10     | Killed Harold
 11703 | D:10     | Reached skill level 1 in Shields
 11874 | D:10     | Noticed a two-headed ogre
 12170 | D:10     | Noticed a two-headed ogre
 12183 | D:10     | Killed a two-headed ogre
 12184 | D:10     | Reached XP level 12. HP: 116/116 MP: 11/11
 12236 | D:10     | Found a staircase to the Lair.
 12244 | D:10     | Reached skill level 12 in Armour
 12245 | D:10     | Reached skill level 14 in Fighting
 12635 | D:10     | Found a shadowy altar of Dithmenos.
 12657 | D:10     | Killed a two-headed ogre
 13089 | D:11     | Found Qeqalen's Antique Armour Boutique.
 13099 | D:11     | Identified the +6 flail "Keaqessa" {flame, rElec rC- Str+4
                  | Dex+3}
 13853 | Lair:1   | Entered Level 1 of the Lair of Beasts
 13966 | Lair:1   | Noticed a boulder beetle
 13974 | Lair:1   | Killed a boulder beetle
 14003 | Lair:1   | Found a gate leading to a gauntlet.
 14013 | Lair:1   | Reached skill level 5 in Shields
 14021 | Lair:1   | Reached skill level 15 in Fighting
 14034 | Gauntlet | Entered a Gauntlet
 14034 | Gauntlet | Found a transporter.
 14034 | Gauntlet | Found a transporter.
 14034 | Gauntlet | Found a transporter.
 14202 | Gauntlet | Found a transporter.
 14203 | Gauntlet | Found a transporter.
 14204 | Gauntlet | Found a transporter.
 14215 | Gauntlet | Found a transporter.
 14217 | Gauntlet | Found a transporter.
 14222 | Gauntlet | Noticed a hell hog
 14227 | Gauntlet | Noticed a ghost crab
 14229 | Gauntlet | Found a transporter.
 14238 | Gauntlet | Found a transporter.
 14256 | Gauntlet | Found a transporter.
 14260 | Gauntlet | Found a transporter.
 14461 | Gauntlet | Paralysed by a hornet for 3 turns
 14670 | Gauntlet | Identified the +1 hat of the Unseen Realm {rPois rCorr
                  | Stlth+}
 14856 | Gauntlet | Reached skill level 18 in Axes
 14860 | Gauntlet | Killed a hell hog
 14863 | Gauntlet | Reached skill level 1 in Evocations
 14869 | Gauntlet | Identified the +0 pair of gloves of Loss {Rampage rPois
                  | Str-3 Dex+4}
 14886 | Gauntlet | Identified the +5 falchion of Disembowelment {freeze,
                  | Str+2}
 14886 | Gauntlet | Noticed a minotaur
 14893 | Gauntlet | Killed a minotaur
 14894 | Gauntlet | Reached skill level 16 in Fighting
 15869 | Lair:1   | Reached XP level 13. HP: 130/130 MP: 12/12
 16062 | Lair:2   | Reached skill level 17 in Fighting
 16498 | Lair:2   | Reached skill level 1 in Throwing
 17083 | Lair:3   | Noticed an eleionoma
 17083 | Lair:3   | Found a staircase to the Swamp.
 17101 | Lair:3   | Found a hole to the Spider Nest.
 17194 | Lair:3   | Reached ****** piety under Trog
 17219 | Lair:3   | Received a gift from Trog
 17225 | Lair:3   | Killed an eleionoma
 17307 | Lair:3   | Reached skill level 9 in Shields
 18152 | Lair:4   | Reached skill level 5 in Throwing
 18152 | Lair:4   | Reached skill level 5 in Evocations
 18527 | Lair:4   | Found a staircase to the Slime Pits.
 18543 | Lair:4   | Found a viscous altar of Jiyva.
 19072 | Lair:5   | Entered Level 5 of the Lair of Beasts
 19309 | Lair:5   | Reached XP level 14. HP: 140/140 MP: 13/13
 19393 | Lair:5   | Found a frozen archway.
 19485 | IceCv    | Entered an ice cave
 19494 | IceCv    | Received a gift from Trog
 20621 | Lair:5   | Reached skill level 12 in Shields
 21345 | Lair:5   | Identified the +0 falchion of Insufficient Pleasure {vamp,
                  | rF+ Str+3}
 22149 | D:12     | Found a staircase to the Orcish Mines.
 22150 | D:12     | Found a roughly hewn altar of Beogh.
 22532 | D:12     | Reached skill level 9 in Evocations
 22626 | D:12     | Found an iron altar of Okawaru.
 22663 | D:12     | Found Yseese's Antique Weapon Emporium.
 22721 | D:12     | Found Zeank's Book Boutique.
 22721 | D:12     | Noticed a walking earthen tome
 22722 | D:12     | Noticed a walking frostbound tome
 22869 | D:12     | Found Ekiqedgh's Antique Armour Shoppe.
 22945 | D:12     | Received a gift from Trog
 23116 | Orc:1    | Entered Level 1 of the Orcish Mines
 23371 | Orc:2    | Entered Level 2 of the Orcish Mines
 23417 | Orc:2    | Reached XP level 15. HP: 137/147 MP: 14/14
 23468 | Orc:2    | Received a gift from Trog
 23553 | Orc:2    | Found a staircase to the Elven Halls.
 23895 | Orc:2    | Found Ituzured's Jewellery Shop.
 24028 | Orc:2    | Found Rasamymu's Weapon Boutique.
 24102 | Orc:2    | Found a roughly hewn altar of Beogh.
 24130 | Orc:2    | Found a roughly hewn altar of Beogh.
 24392 | Orc:2    | Found Mumpelo's Armour Shop.
 24618 | Orc:2    | Found Depimie's Book Boutique.
 24798 | Orc:1    | Received a gift from Trog
 25482 | D:13     | Reached skill level 15 in Shields
 26915 | D:14     | Identified the +1 helmet of Youthful Indiscretion {-Cast
                  | rPois Str+4}
 26991 | D:14     | Found a transporter.
 26995 | D:14     | Noticed Dunag's ghost (journeyman MiFi)
 27000 | D:14     | Noticed a storm dragon
 27024 | D:14     | Found a transporter.
 27936 | D:14     | Found a gate to the Vaults.
 27953 | D:14     | Reached skill level 18 in Fighting
 28228 | D:14     | Received a gift from Trog
 28238 | D:14     | Killed Dunag's ghost
 29159 | D:14     | Killed a storm dragon
 29174 | D:14     | Reached XP level 16. HP: 72/157 MP: 5/15
 29399 | D:14     | Identified the +0 pair of boots "Zetyapou" {+Blink}
 29416 | D:14     | Identified the amulet "Xoakex Caz" {Spirit Rampage rC+
                  | SInv}
 29690 | D:15     | Entered Level 15 of the Dungeon
 29940 | D:15     | Reached skill level 12 in Evocations
 30057 | D:15     | Found Joaluu's Weapon Emporium.
 30196 | D:15     | Found a staircase to the Depths.
 30448 | D:15     | Noticed Azrael
 30459 | D:15     | Killed Azrael
 30921 | Orc:2    | Bought the amulet "Roqunip" {Spirit Harm rN++ Regen+
                  | Stlth+} for 855 gold pieces
 31165 | Swamp:1  | Entered Level 1 of the Swamp
 32099 | Swamp:2  | Received a gift from Trog
 32511 | Swamp:2  | Noticed a tentacled monstrosity
 32520 | Swamp:2  | Killed a tentacled monstrosity
 33450 | Swamp:3  | Noticed a tentacled monstrosity
 33787 | Swamp:3  | Killed a tentacled monstrosity
 33828 | Swamp:3  | Reached XP level 17. HP: 140/166 MP: 13/16
 33923 | Swamp:3  | Reached skill level 18 in Shields
 34017 | Swamp:3  | Reached skill level 15 in Armour
 34586 | Swamp:3  | Reached skill level 19 in Fighting
 34800 | Swamp:3  | Received a gift from Trog
 34896 | Swamp:4  | Entered Level 4 of the Swamp
 34896 | Swamp:4  | Found a transporter.
 34906 | Swamp:4  | Noticed ggggg's ghost (adept MiFi)
 34910 | Swamp:4  | Noticed a tentacled monstrosity
 34919 | Swamp:4  | Found a transporter.
 35106 | Swamp:4  | Reached skill level 20 in Fighting
 36463 | Swamp:4  | Reached skill level 21 in Fighting
 36735 | Swamp:4  | Got a decaying rune of Zot
 37835 | Spider:1 | Entered Level 1 of the Spider Nest
 37912 | Spider:1 | Received a gift from Trog
 38406 | Spider:1 | Reached XP level 18. HP: 182/182 MP: 17/17
 38408 | Spider:1 | Noticed Nikola
 38424 | Spider:1 | Killed Nikola
 38491 | Spider:1 | Noticed Kirke
 38497 | Spider:1 | Noticed Asterion
 38513 | Spider:1 | Killed Kirke
 38515 | Spider:1 | Killed Asterion
 38939 | Spider:2 | Noticed Arachne
 39339 | Spider:1 | Killed Arachne
 39501 | Spider:2 | Received a gift from Trog
 39672 | Spider:2 | Noticed Frances
 39678 | Spider:2 | Killed Frances
 39681 | Spider:2 | Noticed Jorgrun
 39691 | Spider:2 | Killed Jorgrun
 40093 | Spider:3 | Reached skill level 22 in Fighting
 40247 | Spider:3 | Found a transporter.
 40251 | Spider:3 | Noticed RockinRobin's ghost (adept FoFi)
 40648 | Spider:3 | Found a transporter.
 41295 | Spider:4 | Entered Level 4 of the Spider Nest
 41591 | Spider:4 | Noticed Mara
 41604 | Spider:4 | Noticed backslashecho's illusion
 41648 | Spider:4 | Received a gift from Trog
 41806 | Spider:4 | Noticed backslashecho's illusion
 41815 | Spider:4 | Killed Mara
 41942 | Spider:4 | Noticed Roxanne
 41980 | Spider:4 | Found a runed translucent door.
 41981 | Spider:4 | Noticed retardedninja's ghost (adept CoFi)
 42035 | Spider:4 | Killed retardedninja's ghost
 42036 | Spider:4 | Reached XP level 19. HP: 183/193 MP: 16/18
 42037 | Spider:4 | Identified the amulet "Zaygiom" {Acrobat rPois}
 42296 | Spider:4 | Reached skill level 15 in Evocations
 42317 | Spider:4 | Got a gossamer rune of Zot
 42710 | Vaults:1 | Entered Level 1 of the Vaults
 43116 | Vaults:1 | Reached skill level 18 in Armour
 43538 | Vaults:1 | Reached skill level 23 in Fighting
 43583 | Vaults:1 | Received a gift from Trog
 43673 | Vaults:1 | Reached skill level 5 in Dodging
 44492 | Vaults:2 | Noticed a dread lich
 44502 | Vaults:2 | Killed a dread lich
 44769 | Vaults:2 | Identified the ring "Ymokudd" {rPois Dex+3}
 44772 | Vaults:2 | Identified the +9 dagger of the Boar {heavy, rC+ Will++
                  | SInv}
 44781 | Vaults:2 | Identified the +0 ring mail "Duuget" {rPois Regen+}
 44866 | Vaults:2 | Received a gift from Trog
 45001 | Vaults:2 | Killed from afar by an ironbound thunderhulk

Illustrated notes

Levels and vault maps discovered:
D:1:      dpeg_arrival_snail, layout_loops_ring,
          chequers_ecumenical_altar_twisty
D:2:      layout_basic, minmay_misc_feat_roman
D:3:      minmay_bubble_buster, layout_basic, zin_statuary
D:4:      layout_cave_pods, mainiacjoe_overflow_alcove_1,
          nicolae_qazlal_style_of_elements, chequers_serial_rivers_small_3,
          uniq_blork_the_orc
D:5:      layout_cave_pods, mainiacjoe_overflow_big_doors,
          mainiacjoe_overflow_large_starburst
D:6:      layout_loops_ring, lemuel_coloured_pillars_altar,
          minmay_joined_circles
D:7:      layout_basic, kennysheep_slug_shrine, temple_pool_b, serial_shops,
          nicolae_shop_tiny_waterfront, serial_rivers,
          chequers_serial_rivers_marsh, chequers_serial_rivers_micro_a,
          chequers_serial_rivers_micro_b, chequers_serial_rivers_small_3,
          gammafunk_ghost_wrathful_warriors, small_statue_intersection,
          minmay_three_doors
D:8:      gammafunk_corrupted_shrine, layout_basic, overflow_temple_1_default,
          enter_bailey_3
D:9:      layout_basic, nicolae_gozag_cash_rules_everything_around_me,
          mainiacjoe_overflow_alcove_2, nzn_random_ring
D:10:     layout_gridville, lemuel_crystal_altar,
          mainiacjoe_overflow_small_starburst, erik_lair_orcish_takeover,
          eino_tiny_chamber, kennysheep_kite_vault, uniq_harold
D:11:     layout_gridville, serial_shops, shop
D:12:     layout_roguey, david_orc_5, serial_shops, nicolae_shop_rolling_square,
          nicolae_shop_tiny_waterfront, nicolae_shop_mannequins,
          kennysheep_okawaru_gauntlet
D:13:     layout_loops_ring
D:14:     layout_irregular_city, erik_vaults_2, infiniplex_staircase_x,
          gammafunk_ghost_berserking_beasts, hangedman_decor_push
D:15:     gammafunk_depths_entry_grave, layout_irregular_city, nrook_uturn,
          serial_shops, nicolae_shop_bloodbath_and_beyond, uniq_azrael
Lair:1:   layout_small_grid, gauntlet_entry_generic, infiniplex_staircase_pool
Lair:2:   layout_chaotic_city, grunt_forest_small_clearing_treed
Lair:3:   layout_regular_city, alex1729_swamp_entry_worm_eleionoma,
          nicolae_spider_entry_non_spiders, st_stairs_6
Lair:4:   layout_regular_city, nicolae_slime_entry_field_trip,
          beast_lair_carwin_5
Lair:5:   due_jungle_book, layout_cave_pods,
          portal_ice_cave_entry_animals_and_master, minmay_lair_drake_nest
Swamp:1:  layout_basic_swamp, nicolae_swamp_trees_clearing, swamp_pool_5
Swamp:2:  nicolae_swamp_ascending_descending, layout_basic_swamp,
          evilmike_swamp_ruin_house_5, swamp_pool_3, wheals_swamp_sinkhole
Swamp:3:  nzn_winding_woodlands_three_and_one
          [nzn_winding_woodlands_5x15_default,
          nzn_winding_woodlands_5x15_parted,
          nzn_winding_woodlands_5x15_pathside_ponds,
          nzn_winding_woodlands_center_pierced_h], layout_basic_swamp,
          evilmike_swamp_ruin_house_1, swamp_pool_1_2,
          hangedman_swamp_double_dragon
Swamp:4:  nzn_swamp_witches_coven, layout_basic_swamp, gammafunk_ghost_arena,
          nicolae_swamp_bean_lake, swamp_pool_3, nicolae_swamp_tree_designs
Spider:1: layout_spider_delve, uniq_kirke, uniq_nikola, uniq_asterion
Spider:2: layout_spider_delve, uniq_frances, uniq_jorgrun, uniq_arachne
Spider:3: layout_chambers, gammafunk_ghost_arena
Spider:4: hellmonk_spider_rune_endless_swarm, gammafunk_ghost_grave,
          uniq_roxanne, uniq_mara
Orc:1:    layout_caves
Orc:2:    st_orc_town, layout_caves, nicolae_orc_seminary
Vaults:1: nicolae_vaults_lopsided_apartments, hangedman_vaults_stitches,
          ontoclasm_vaults_eye, nicolae_vaults_diamond_2,
          nicolae_vaults_apartment_2, v_alt_pattern_2, vaults_room_pool,
          ontoclasm_vaults_chip, vaults_room_corners,
          nicolae_vaults_variable_pillar_hall, nicolae_vaults_border_crossing,
          layout_vaults_quadrants
Vaults:2: vaults_dpeg_emergency_exit, nicolae_vaults_meiosis,
          nicolae_vaults_storage_closets_2, vaults_mumra_chevron_long,
          nicolae_vaults_triangles, vaults_dpeg_spiral, vaults_room_fours,
          nicolae_vaults_storing_the_good_stuff, hangedman_vaults_trim,
          nicolae_vaults_storage_room_glass, layout_vaults_omnicross

Skill      XL: |  1  2  3  4  5  6  7  8  9 10 11 12 13 14 15 16 17 18 19 |
---------------+----------------------------------------------------------+-----
Axes           | 4 5 6 7 8 10 12 14 16 18 | 18.1
Fighting       | 4 5 6 7 9 11 13 16 17 18 21 22 23 | 23.6
Armour         | 3 4 5 6 7 9 10 11 12 14 15 17 19 | 19.0
Shields        | 3 7 10 13 16 17 18 19 | 19.1
Evocations     | 2 6 9 11 13 14 15 | 15.0
Throwing       | 6 |  6.0
Dodging        | 3 5 |  5.0

Action                     |  1- 3 |  4- 6 |  7- 9 | 10-12 | 13-15 | 16-18 | 19-21 || total
---------------------------+-------+-------+-------+-------+-------+-------+-------++-------
  Melee: Hand axe          |    91 |    86 |       |       |       |       |       ||   177
         Headbutt          |    11 |    23 |    42 |   120 |   289 |   244 |    67 ||   796
         War axe           |       |    73 |   215 |   234 |   644 |       |       ||  1166
         Broad axe         |       |       |       |   202 |   364 |   946 |   263 ||  1775
         Executioner's axe |       |       |       |   104 |   145 |       |       ||   249
  Throw: Dart              |       |       |    14 |     5 |     8 |     3 |       ||    30
 Invoke: Berserk           |       |     1 |     2 |     6 |     8 |     7 |       ||    24
         Trog's Hand       |       |       |       |     2 |     2 |     5 |     1 ||    10
         Brothers in Arms  |       |       |       |       |     4 |     2 |       ||     6
Ability: Evoke Blink       |       |       |       |       |       |     1 |       ||     1
  Evoke: Wand              |       |       |       |     3 |     5 |    18 |     3 ||    29
         Phantom mirror    |       |       |       |       |       |     1 |       ||     1
    Use: Scroll            |       |     3 |     1 |     7 |    12 |    22 |       ||    45
         Potion            |       |       |       |       |     3 |     2 |       ||     5
   Stab: Sleeping          |     1 |       |       |       |       |       |       ||     1
         Distracted        |       |       |       |       |     1 |       |       ||     1
         Confused          |       |       |       |       |       |     1 |       ||     1
 Armour: Animal skin       |    10 |       |       |       |       |       |       ||    10
         Ring mail         |    34 |    30 |       |       |       |       |       ||    64
         Chain mail        |       |   100 |    31 |       |       |       |       ||   131
         Acid dragon scale |       |       |   136 |   365 |       |       |       ||   501
         Plate armour      |       |       |       |    42 |   526 |   922 |   224 ||  1714
  Dodge: Dodged            |    48 |    59 |   133 |   347 |   406 |   381 |    70 ||  1444
  Block: Kite shield       |       |       |       |       |   536 |   816 |   189 ||  1541

Table legend: (Time is in decaauts)
 A = Elapsed time spent in this place.
 B = Non-inter-level travel time spent in this place.
 C = Inter-level travel time spent in this place.
 D = Time resting spent in this place.
 E = Time spent auto-exploring this place.
 F = Levels seen in this place.
 G = Mean time per level.
                   A        B        C        D        E       F      G
               +--------+--------+--------+--------+--------+-----+--------+
         Total |  45070 |  40929 |   4141 |   7316 |  24931 |  35 | 1287.7 |
       Dungeon |  19918 |  17365 |   2553 |   2824 |  11401 |  15 | 1327.9 |
          Lair |   6194 |   5581 |    613 |    526 |   3868 |   5 | 1238.8 |
         Swamp |   6140 |   5905 |    235 |   1307 |   3335 |   4 | 1535.0 |
   Spider Nest |   4710 |   4364 |    346 |    593 |   2686 |   4 | 1177.5 |
  Orcish Mines |   2279 |   1983 |    296 |    190 |   1327 |   2 | 1139.5 |
        Vaults |   2311 |   2216 |     95 |     50 |   1624 |   2 | 1155.5 |
        Bailey |   1210 |   1210 |      0 |    581 |    202 |   1 | 1210.0 |
      Ice Cave |   1007 |   1007 |      0 |    613 |    148 |   1 | 1007.0 |
      Gauntlet |   1298 |   1298 |      0 |    630 |    339 |   1 | 1298.0 |
               +--------+--------+--------+--------+--------+-----+--------+

Top non-repeatable levels by time:
    D:14: 3170 daAuts
     D:9: 2280 daAuts
 Swamp:3: 2163 daAuts
 Swamp:4: 1863 daAuts
   Orc:2: 1638 daAuts
Spider:1: 1618 daAuts
Vaults:1: 1599 daAuts
     D:7: 1496 daAuts
  Lair:4: 1487 daAuts
    D:10: 1460 daAuts
Spider:3: 1439 daAuts
  Lair:5: 1421 daAuts
  Lair:2: 1391 daAuts
    D:12: 1347 daAuts
     D:6: 1345 daAuts
